 Dungeon Crawl Stone Soup version 0.32-a0-18-g89e19f1974 (webtiles) character file.

Game seed: 4447090042031863390

14249 kae the Geomancer (level 12, -4/73 HPs)
             Began as a Gargoyle Earth Elementalist on Jan 16, 2024.
             Was an Elder of Vehumet.
             Slain by a skeletal warrior
             ... wielding a +0 halberd
              (24 damage)
             ... on level 11 of the Dungeon.
             The game lasted 00:12:21 (12513 turns).

kae the Geomancer (Gargoyle Earth Elementalist)    Turns: 12513, Time: 00:12:22

Health: -4/73      AC: 17    Str: 12    XL:     12   Next: 14%
Magic:  5/21       EV: 13    Int: 28    God:    Vehumet [****..]
Gold:   593        SH:  5    Dex: 10    Spells: 8/23 levels left

rFire   + . .        g - staff "Qalan" {rF+ rCorr Dex+2 SInv Earth, !a}
rCold   . . .        (no shield)
rNeg    + . .        d - +0 robe {Will+}
rPois   ∞            r - +2 hat
rElec   +            (no cloak)
rCorr   +            s - +2 pair of gloves
SInv    +            x - +0 pair of boots
Will    +....        n - amulet "Xiozua" {Reflect Int+7 Dex-2 SH+5}
Stlth   ++           Z - ring of wizardry
HPRegen 0.32/turn    (no ring)
MPRegen 0.17/turn

%: reflection, wizardry (x1)
@: studying 2 skills
A: sickness immunity, AC +8, negative energy resistance 1, electricity
resistance, torment resistance 1, petrification resistance
a: Renounce Religion


You were on level 11 of the Dungeon.
You worshipped Vehumet.
Vehumet was greatly pleased with you.
You visited 1 branch of the dungeon, and saw 11 of its levels.
You also visited: Bailey.

You collected 749 gold pieces.
You spent 156 gold pieces at shops.


Innate Abilities, Weirdness & Mutations

You are immune to sickness and miasma.
Your stone body is resilient. (AC +8)
You are immune to poison.
You resist negative energy. (rN+)
You are resistant to electric shocks. (rElec)
You are resistant to unholy torment.
You are immune to petrification.


   Skills:
 - Level 8.0 Fighting
 + Level 5.4 Staves
 - Level 6.0 Armour
 + Level 4.8 Dodging
 - Level 2.1 Stealth
 - Level 6.3 Spellcasting
 - Level 10.5 Conjurations
 - Level 12.0 Earth Magic
 + Level 4.9 Evocations


You had 8 spell levels left.
You knew the following spells:

 Your Spells              Type           Power      Damage    Failure   Level
a - Sandblast             Erth           100%       2d20      1%          1
b - Stone Arrow           Conj/Erth      100%       3d13      1%          3
c - Brom's Barrelling Bo  Conj/Erth      82%        2d9       1%          4
d - Petrify               Alch/Erth      59%        N/A       1%          4
e - Passwall              Erth           85%        N/A       1%          3

Your spell library contained the following spells:

 Spells                   Type           Power      Damage    Failure   Level
 Volatile Blastmotes      Fire/Tloc      16%        2d11      2%          3

Inventory:

Missiles
 h - 5 boomerangs
 l - 90 stones
 m - 41 poisoned darts
 u - 25 javelins
 v - 2 throwing nets {=f!f}
Armour
 d - a +0 robe of willpower (worn)
   (You found it on level 1 of the Dungeon)
 r - a +2 hat (worn)
   (You found it on level 5 of the Dungeon)
 s - a +2 pair of gloves (worn)
   (You found it on level 6 of the Dungeon)
 w - the +3 leather armour "Tygroyxo" {rC++ rCorr Slay+3}
   (You found it on level 7 of the Dungeon)

   Slay+3:    It affects your accuracy & damage with ranged weapons and melee
   (+3).
   rC++:      It greatly protects you from cold.
   rCorr:     It protects you from acid and corrosion.
 x - a +0 pair of boots (worn)
   (You found it on level 6 of the Dungeon)
Magical Staves
 g - the staff "Qalan" (weapon) {rF+ rCorr Dex+2 SInv Earth, !a}
   (You acquired it in a bailey)

   [staff of earth]

   Base accuracy: +5 Base damage: 5 Base attack delay: 1.2 This weapon's minimum
   attack delay (0.6) is reached at skill level 12.
   Dex+2:     It affects your dexterity (+2).
   rF+:       It protects you from fire.
   SInv:      It lets you see invisible.
   rCorr:     It protects you from acid and corrosion.
   Earth:     It increases the power of your Earth spells.
   It falls into the 'Staves' category.
   It is a one-handed weapon.
Jewellery
 n - the amulet "Xiozua" (around neck) {Reflect Int+7 Dex-2 SH+5}
   (You acquired it on level 3 of the Dungeon)

   [amulet of reflection]

   Reflect:   It reflects blocked missile attacks.
   Int+7:     It affects your intelligence (+7).
   Dex-2:     It affects your dexterity (-2).
   SH+5:      It affects your SH (+5).
 F - a ring of fire
   (You found it on level 9 of the Dungeon)
 Z - a ring of wizardry (left hand)
   (You found it on level 7 of the Dungeon)
Wands
 o - a wand of roots (8)
   (You found it on level 5 of the Dungeon)
 y - a wand of flame (39)
   (You found it on level 7 of the Dungeon)
 C - a wand of digging (7)
   (You found it on level 8 of the Dungeon)
Scrolls
 k - 4 scrolls of teleportation {@r4}
 t - a scroll of poison
 A - 2 scrolls of fear
 D - a scroll of enchant armour
 G - a scroll of blinking {!r}
Potions
 a - 2 potions of attraction {!q}
 b - 3 potions of magic
 c - 6 potions of mutation {!q}
 e - a potion of haste {@q3}
 f - 3 potions of curing {@q1}
 i - 8 potions of lignification {!q}
 j - 3 potions of enlightenment
 p - 2 potions of degeneration {unknown}
 q - a potion of resistance {unknown}
 z - a potion of might {unknown}
 B - a potion of cancellation

Dungeon Overview and Level Annotations

Branches:
Dungeon (11/15) Zot: 26681  Temple (0/1) D:6            Lair (0/5) D:8
    Orc (0/2) D:10         Bailey (visited)

Altars:
Hepliaklqana
Nemelex Xobeh
Okawaru
Uskayaw
Vehumet
Wu Jian
The Shining One

Shops:
D:2 *=?*   D:4 *   D:10 *

Annotations:
D:9 3 runed translucent doors, PanSaczeczos's ghost, novice GnCK

### #####.##.##$# #
#..†.~..~..~# ##
#z###.##.##$# ..
####.##### #...
#...@.## ##...
##......## ##....
#.........########.....
#.....................)
#..######..............
#.. #.........##### #.
#.........# # #
#.........# #
..######...#####.# #


You could see a skeletal warrior.


Message History

You feel your power returning.
Key pressed, stopping explore.
Casting: Stone Arrow (safe; 1% risk of failure)
Confirm with . or Enter, or press ? or * to list all spells.
You can't see any susceptible monsters within range! (Use Z to cast anyway.)
You open the door.
There is an open door here.
A komodo dragon and a skeletal warrior come into view. 😎 HP[+3] MP[+6]
Your hp is fully restored (73).
Your mp is fully restored (21).
Casting: Stone Arrow (safe; 1% risk of failure)
Confirm with . or Enter, or press ? or * to list all spells.
You can't see any susceptible monsters within range! (Use Z to cast anyway.)
There are monsters nearby!
There are monsters nearby!
There are monsters nearby!
You enter the shallow water.
Moving in this stuff is going to be slow.
There is an open door here.
Casting: Stone Arrow (safe; 1% risk of failure)
Confirm with . or Enter, or press ? or * to list all spells.
Aiming: Stone Arrow (safe; 1% risk of failure)
Press: ? - help, Shift-Dir - straight line, f - komodo dragon
Aim: a komodo dragon (84% to hit)
You feel a surge of power!
The stone arrow hits the komodo dragon! 😎 MP[-3]
You lost 3 mp, and now have 18/21 mp.
Casting: Stone Arrow (safe; 1% risk of failure)
Confirm with . or Enter, or press ? or * to list all spells.
Aiming: Stone Arrow (safe; 1% risk of failure)
Press: ? - help, Shift-Dir - straight line, f/p - komodo dragon
Aim: a komodo dragon (moderately wounded, 84% to hit)
You feel a surge of power!
The stone arrow hits the komodo dragon!!
The komodo dragon misses you. 😎 MP[-3]
You lost 3 mp, and now have 15/21 mp.
Casting: Stone Arrow (safe; 1% risk of failure)
Confirm with . or Enter, or press ? or * to list all spells.
Aiming: Stone Arrow (safe; 1% risk of failure)
Press: ? - help, Shift-Dir - straight line, f/p - komodo dragon
Aim: a komodo dragon (severely wounded, 84% to hit)
You feel a surge of power!
The stone arrow misses the komodo dragon.
The komodo dragon closely misses you. 😎 MP[-3]
You lost 3 mp, and now have 12/21 mp.
Casting: Stone Arrow (safe; 1% risk of failure)
Confirm with . or Enter, or press ? or * to list all spells.
Aiming: Stone Arrow (safe; 1% risk of failure)
Press: ? - help, Shift-Dir - straight line, f/p - komodo dragon
Aim: a komodo dragon (severely wounded, 84% to hit)
You feel a surge of power!
The stone arrow hits the komodo dragon!
The komodo dragon bites you! 😕 HP[-15] MP[-3]
You take 15 damage, and now have 58/73 hp.
MASSIVE DAMAGE!! (PAUSE)
You lost 3 mp, and now have 9/21 mp.
Casting: Stone Arrow (safe; 1% risk of failure)
Confirm with . or Enter, or press ? or * to list all spells.
Aiming: Sandblast (safe; 1% risk of failure)
Press: ? - help, Shift-Dir - straight line, f/p - komodo dragon
Aim: a komodo dragon (almost dead, 89% to hit)
You feel a surge of power!
The blast of sand hits the komodo dragon!
You kill the komodo dragon!
Vehumet accepts your kill.
You feel your power returning.
The skeletal warrior completely misses you.
The skeletal warrior hits you from afar with a +0 halberd!!
* * * LOW HITPOINT WARNING * * *
😨 HP[-22] MP[+2]
You take 22 damage, and now have 36/73 hp.
MASSIVE DAMAGE!! (PAUSE)
You regained 2 mp, and now have 11/21 mp.
Casting: Sandblast (safe; 1% risk of failure)
Confirm with . or Enter, or press ? or * to list all spells.
Aiming: Stone Arrow (safe; 1% risk of failure)
Press: ? - help, Shift-Dir - straight line, f - skeletal warrior
Aim: a skeletal warrior, wielding a +0 halberd (78% to hit)
You feel a surge of power!
The stone arrow hits the skeletal warrior! 😨 MP[-3]
You lost 3 mp, and now have 8/21 mp.
Casting: Stone Arrow (safe; 1% risk of failure)
Confirm with . or Enter, or press ? or * to list all spells.
Aiming: Stone Arrow (safe; 1% risk of failure)
Press: ? - help, Shift-Dir - straight line, f/p - skeletal warrior
Aim: a skeletal warrior, wielding a +0 halberd (moderately damaged, 78% to hit)
You feel a surge of power!
The stone arrow hits the skeletal warrior!
The skeletal warrior hits you from afar with a +0 halberd!
* * * LOW HITPOINT WARNING * * *
😨 HP[-16] MP[-3]
You take 16 damage, and now have 20/73 hp.
MASSIVE DAMAGE!! (PAUSE)
You lost 3 mp, and now have 5/21 mp.
Okay, then.
The skeletal warrior hits you from afar with a +0 halberd!!
You die...

Skill      XL: |  1  2  3  4  5  6  7  8  9 10 11 12 |
---------------+-------------------------------------+-----
Earth Magic    | 4 5 6 8 10 11 12 | 12.0
Conjurations   | 2 3 4 5 7 8 10 | 10.5
Fighting       | 1 2 3 4 5 7 8 |  8.0
Spellcasting   | 3 4 5 6 |  6.3
Armour         | 6 |  6.0
Staves         | 4 5 |  5.4
Dodging        | 4 |  4.8
Evocations     | 4 |  4.9
Stealth        | |  2.1

Action                     |  1- 3 |  4- 6 |  7- 9 | 10-12 || total
---------------------------+-------+-------+-------+-------++-------
  Melee: Unarmed           |     1 |     4 |     1 |       ||     6
         Punch             |       |     1 |       |       ||     1
   Cast: Sandblast         |    45 |    75 |   129 |   203 ||   452
         Stone Arrow       |       |     1 |    35 |    69 ||   105
    Use: Scroll            |     2 |     6 |     9 |     7 ||    24
         Potion            |       |       |       |     3 ||     3
 Armour: Robe              |     9 |    28 |    59 |   168 ||   264
  Dodge: Dodged            |     4 |    27 |    46 |    97 ||   174
  Block: Other             |       |       |    15 |    33 ||    48
         Reflection        |       |       |       |     7 ||     7

Levels and vault maps discovered:
D:1:      roderic_octagonal_star, layout_loops_corners,
          chequers_ecumenical_altar_lobes, nrook_mini_vaults
D:2:      layout_basic, serial_shops, shop_coins, nicolae_shop_statue_plus,
          shop, shop, minmay_snake_closets
D:3:      layout_basic, mainiacjoe_overflow_alcove_2, hangedman_decor_growths
D:4:      layout_loops_ring, mainiacjoe_overflow_brackets, lemuel_tele_altar,
          serial_shops, shop, minivault_24, minmay_crossroads
D:5:      layout_cave_pools, nicolae_overflow_squiral,
          mainiacjoe_overflow_boulevard, minmay_diced_spiral
D:6:      layout_basic, nemelex_dance_club_becter, minmay_temple_entry_poolview,
          serial_park_tiny_pond, uniq_pikel, uniq_duvessa
D:7:      layout_basic, enter_bailey_5, minmay_stone_trees_medium, st_stairs_2,
          dk_rats_in_the_wall, uniq_prince_ribbit1, uniq_menkaure
D:8:      layout_cave_pods, david_lair_shrubbed, serial_bayou,
          serial_bayou_pond_b, serial_bayou_pond_a, serial_bayou_lagoon_a,
          serial_bayou_pond_c, chequers_serial_rivers_micro_c,
          minmay_misc_feat_room
D:9:      layout_basic, gammafunk_ghost_hydra_chop
D:10:     layout_loops_corners, minmay_orc_entry_temple_small, serial_shops,
          nicolae_stop_n_shop_1, serial_bayou_pond_b
D:11:     hangedman_cross_veins, layout_irregular_city

Notes
Turn   | Place    | Note
-------+----------+-------------------------------------------
     0 | D:1      | kae the Gargoyle Earth Elementalist began the quest for the
                  | Orb.
     0 | D:1      | Reached XP level 1. HP: 10/10 MP: 3/3
     0 | D:1      | magus.rc [v1.11.3]
   224 | D:1      | Reached XP level 2. HP: 16/16 MP: 1/5
   397 | D:1      | Found a faded altar of an unknown god.
   452 | D:1      | Reached skill level 4 in Earth Magic
   478 | D:1      | Reached skill level 2 in Conjurations
   487 | D:1      | Reached skill level 1 in Fighting
   541 | D:1      | Reached XP level 3. HP: 20/20 MP: 4/6
   545 | D:1      | Learned a level 3 spell: Stone Arrow
  1111 | D:2      | Found Wiydghoa's General Store.
  1304 | D:2      | Reached XP level 4. HP: 22/25 MP: 2/7
  1394 | D:2      | Found Wyfokhlau's Assorted Antiques.
  1400 | D:2      | Bought a green potion for 23 gold pieces
  1400 | D:2      | Bought a glowing ruby potion for 23 gold pieces
  1502 | D:2      | Found Hecoru's Magic Scroll Shop.
  1503 | D:2      | Found Iwyashrif's Jewellery Boutique.
  1733 | D:2      | Reached skill level 3 in Conjurations
  1893 | D:2      | Bought a scroll of identify for 24 gold pieces
  1893 | D:2      | Bought a scroll of identify for 24 gold pieces
  1896 | D:2      | Bought a scroll of teleportation for 36 gold pieces
  1918 | D:3      | Reached XP level 5. HP: 30/30 MP: 6/8
  2278 | D:3      | Reached skill level 2 in Fighting
  2278 | D:3      | Reached skill level 5 in Earth Magic
  2345 | D:3      | Found a glowing golden altar of the Shining One.
  2589 | D:3      | Identified a scroll of acquirement
  2589 | D:3      | Acquired the amulet "Xiozua" {Reflect Int+7 Dex-2 SH+5}
  2674 | D:3      | Reached XP level 6. HP: 25/35 MP: 7/10
  2932 | D:4      | Noticed an ice beast
  2933 | D:4      | Reached skill level 3 in Spellcasting
  2934 | D:4      | Reached skill level 4 in Conjurations
  2941 | D:4      | Killed an ice beast
  3044 | D:4      | Reached skill level 6 in Earth Magic
  3044 | D:4      | Reached XP level 7. HP: 35/40 MP: 4/11
  3305 | D:4      | Learned a level 4 spell: Brom's Barrelling Boulder
  3310 | D:4      | Learned a level 4 spell: Petrify
  3340 | D:4      | Found an ornate altar of the Wu Jian Council.
  3352 | D:4      | Found a hazy altar of Hepliaklqana.
  3372 | D:4      | Reached skill level 3 in Fighting
  3480 | D:4      | Found Ifrus's Assorted Antiques.
  3485 | D:4      | Bought a scroll labelled KOTWEE CAULIDU for 26 gold pieces
  3537 | D:4      | Reached skill level 5 in Conjurations
  3874 | D:5      | Entered Level 5 of the Dungeon
  3874 | D:5      | Found a hide-covered altar of Uskayaw.
  3974 | D:5      | HP: 4/41 [iguana (10)]
  4135 | D:5      | HP: 9/41 [burnt (5)]
  4179 | D:5      | Reached XP level 8. HP: 24/46 MP: 8/13
  4252 | D:5      | Reached skill level 7 in Earth Magic
  4334 | D:5      | Reached skill level 6 in Conjurations
  4406 | D:5      | Reached skill level 4 in Spellcasting
  4495 | D:5      | Found a radiant altar of Vehumet.
  4498 | D:5      | Found an iron altar of Okawaru.
  4526 | D:5      | Became a worshipper of Vehumet
  4546 | D:5      | Learned a level 3 spell: Passwall
  4548 | D:5      | Reached skill level 4 in Fighting
  5045 | D:6      | Noticed Dowan
  5067 | D:6      | Noticed Duvessa
  5087 | D:6      | Killed Duvessa
  5088 | D:6      | Reached skill level 8 in Earth Magic
  5090 | D:6      | Killed Dowan
  5278 | D:6      | Noticed Pikel
  5300 | D:6      | Killed Pikel
  5301 | D:6      | Reached skill level 7 in Conjurations
  5301 | D:6      | Reached XP level 9. HP: 53/53 MP: 4/16
  5496 | D:6      | Reached skill level 9 in Earth Magic
  5549 | D:6      | Reached skill level 5 in Fighting
  5570 | D:6      | Found a sparkling altar of Nemelex Xobeh.
  5700 | D:6      | Found a staircase to the Ecumenical Temple.
  5893 | D:7      | Identified the +3 leather armour "Tygroyxo" {rC++ rCorr
                  | Slay+3}
  5897 | D:7      | Found a flagged portal.
  5899 | D:7      | Noticed Prince Ribbit
  5905 | D:7      | Killed Prince Ribbit
  5906 | D:7      | Reached skill level 8 in Conjurations
  5929 | D:7      | Reached * piety under Vehumet
  5929 | D:7      | Offered knowledge of Kiss of Death by Vehumet.
  5940 | D:7      | Reached skill level 5 in Spellcasting
  6008 | Bailey   | Entered a bailey
  6346 | Bailey   | Identified a +0 crystal plate armour
  6496 | Bailey   | Reached skill level 10 in Earth Magic
  6496 | Bailey   | Reached ** piety under Vehumet
  6496 | Bailey   | Offered knowledge of Sting by Vehumet.
  6502 | Bailey   | HP: 13/55 [centaur/javelin (3)]
  6680 | Bailey   | Reached XP level 10. HP: 53/60 MP: 10/18
  6688 | Bailey   | Reached skill level 9 in Conjurations
  6696 | Bailey   | HP: 13/60 [orc warrior/+0 halberd (6)]
  7058 | Bailey   | Reached skill level 6 in Fighting
  7064 | Bailey   | Identified a +0 crystal plate armour
  7533 | Bailey   | Acquired the staff "Qalan" {rF+ rCorr Dex+2 SInv Earth}
  7945 | D:7      | Noticed Menkaure
  8089 | D:7      | Killed Menkaure
  8090 | D:7      | Reached skill level 11 in Earth Magic
  8095 | D:6      | HP: 15/61 [burnt (2)]
  8743 | D:8      | Noticed a two-headed ogre
  8753 | D:8      | Killed a two-headed ogre
  8754 | D:8      | Reached skill level 7 in Fighting
  8754 | D:8      | Reached skill level 6 in Spellcasting
  8754 | D:8      | Reached skill level 10 in Conjurations
  8904 | D:8      | Noticed a two-headed ogre
  8916 | D:8      | Killed a two-headed ogre
  8916 | D:8      | HP: 15/63 [kobold/+0 dagger (3)]
  8920 | D:8      | Offered knowledge of Dazzling Flash by Vehumet.
  8921 | D:8      | HP: 15/64 [kobold/+0 dagger (1)]
  9195 | D:8      | Reached XP level 11. HP: 56/68 MP: 17/20
  9201 | D:8      | Reached skill level 1 in Armour
  9407 | D:8      | Reached *** piety under Vehumet
  9412 | D:8      | Reached skill level 8 in Fighting
  9412 | D:8      | Reached skill level 12 in Earth Magic
  9602 | D:8      | Found a staircase to the Lair.
  9725 | D:8      | Reached skill level 1 in Staves
  9725 | D:8      | Reached skill level 2 in Armour
  9725 | D:8      | Reached skill level 2 in Dodging
  9725 | D:8      | Reached skill level 1 in Evocations
 10078 | D:9      | Noticed a centaur warrior
 10083 | D:9      | Killed a centaur warrior
 10084 | D:9      | Reached skill level 2 in Staves
 10084 | D:9      | Reached skill level 3 in Armour
 10197 | D:9      | Reached skill level 2 in Evocations
 10199 | D:9      | Reached skill level 4 in Armour
 10214 | D:9      | HP: 14/68 [yak (8)]
 10216 | D:9      | HP: 5/68 [yak (10)]
 10218 | D:9      | Reached skill level 3 in Dodging
 10218 | D:9      | Offered knowledge of Mephitic Cloud by Vehumet.
 10223 | D:9      | Reached skill level 3 in Staves
 10223 | D:9      | Reached skill level 5 in Armour
 10683 | D:9      | Reached skill level 3 in Evocations
 10754 | D:9      | Found a runed translucent gate.
 10754 | D:9      | Found a runed translucent gate.
 10754 | D:9      | Found a runed translucent gate.
 10754 | D:9      | Noticed a nine-headed hydra
 10777 | D:9      | Noticed PanSaczeczos's ghost (novice GnCK)
 10778 | D:9      | Noticed an 11-headed hydra
 10949 | D:10     | Entered Level 10 of the Dungeon
 10949 | D:10     | Found Qafy's Assorted Antiques.
 10965 | D:10     | Noticed a two-headed ogre
 10972 | D:10     | Killed a two-headed ogre
 10973 | D:10     | Reached skill level 6 in Armour
 11086 | D:10     | Reached **** piety under Vehumet
 11099 | D:10     | Reached skill level 4 in Staves
 11136 | D:10     | Offered knowledge of Volatile Blastmotes by Vehumet.
 11148 | D:10     | Reached skill level 4 in Dodging
 11312 | D:10     | Found a staircase to the Orcish Mines.
 11373 | D:10     | Reached skill level 4 in Evocations
 12196 | D:11     | Noticed a two-headed ogre
 12198 | D:11     | Noticed a two-headed ogre
 12199 | D:11     | Killed a two-headed ogre
 12200 | D:11     | Reached XP level 12. HP: 73/73 MP: 16/21
 12203 | D:11     | Killed a two-headed ogre
 12204 | D:11     | Reached skill level 5 in Staves
 12513 | D:11     | Slain by a skeletal warrior

Vanquished Creatures
  A centaur warrior (D:9)
  5 two-headed ogres
  Pikel (D:6)
  A gargoyle (D:11)
  2 komodo dragons
  A kobold demonologist (D:10)
  A troll (D:11)
  A hornet (D:9)
  Prince Ribbit (D:7)
  A wraith (D:10)
  12 yaks (D:9)
  2 steam dragons (D:8)
  Menkaure (D:7)
  An acid dragon (D:10)
  2 water moccasins
  Duvessa (D:6)
  14 orc warriors
  3 ice beasts
  2 sky beasts
  2 black bears
  2 ogres (D:6)
  15 centaurs
  A lemure (D:6)
  5 kobold brigands
  A gnoll sergeant (D:10)
  2 scorpions
  Dowan (D:6)
  11 killer bees
  7 howler monkeys
  3 bombardier beetles
  4 electric eels
  5 hounds
  7 orc priests
  3 jellies
  2 sleepcaps (D:5)
  4 iguanas (D:5)
  5 orc wizards
  12 adders
  9 gnolls
  3 shadow imps
  A white imp (D:7)
  2 ribbon worms
  A dart slug (D:1)
  47 orcs
  11 ball pythons
  6 bats
  6 endoplasms
  2 giant cockroaches
  16 goblins
  2 hobgoblins
  8 jackals
  4 quokkas
  3 frilled lizards
  24 kobolds
  5 rats
295 creatures vanquished.

Vanquished Creatures (others)
  An orc (D:8)
1 creature vanquished.

Grand Total: 296 creatures vanquished

Table legend:
 A = Non-vault XP
 B = Vault XP
 C = Vault XP percentage of total XP
 D = Non-vault monster count
 E = Vault monster count
 F = Vault count percentage of total count
                 A         B        C        D         E       F
            +---------+---------+-------+---------+---------+-------
      Total |   14358 |    5998 |  29.5 |     207 |      87 |  29.6
            +---------+---------+-------+---------+---------+-------
        D:1 |      41 |       0 |   0.0 |      23 |       0 |   0.0
        D:2 |      35 |      89 |  71.8 |      11 |      12 |  52.2
        D:3 |     191 |       0 |   0.0 |      31 |       0 |   0.0
        D:4 |     338 |     175 |  34.1 |      11 |       3 |  21.4
        D:5 |     628 |     207 |  24.8 |      21 |       6 |  22.2
        D:6 |     348 |    1102 |  76.0 |       8 |       6 |  42.9
        D:7 |     578 |     681 |  54.1 |      17 |       8 |  32.0
        D:8 |    2871 |     615 |  17.6 |      23 |       4 |  14.8
        D:9 |    4585 |       0 |   0.0 |      34 |       0 |   0.0
       D:10 |    2394 |     437 |  15.4 |      24 |       8 |  25.0
       D:11 |    2349 |     372 |  13.7 |       4 |       1 |  20.0
     Bailey |       0 |    2320 | 100.0 |       0 |      39 | 100.0
            +---------+---------+-------+---------+---------+-------

Skill      XL: |  1  2  3  4  5  6  7  8  9 10 11 12 |
---------------+-------------------------------------+-----
Earth Magic    | 4 5 6 8 10 11 12 | 12.0
Conjurations   | 2 3 4 5 7 8 10 | 10.5
Fighting       | 1 2 3 4 5 7 8 |  8.0
Spellcasting   | 3 4 5 6 |  6.3
Armour         | 6 |  6.0
Staves         | 4 5 |  5.4
Dodging        | 4 |  4.8
Evocations     | 4 |  4.9
Stealth        | |  2.1

Action                     |  1- 3 |  4- 6 |  7- 9 | 10-12 || total
---------------------------+-------+-------+-------+-------++-------
  Melee: Unarmed           |     1 |     4 |     1 |       ||     6
         Punch             |       |     1 |       |       ||     1
   Cast: Sandblast         |    45 |    75 |   129 |   203 ||   452
         Stone Arrow       |       |     1 |    35 |    69 ||   105
    Use: Scroll            |     2 |     6 |     9 |     7 ||    24
         Potion            |       |       |       |     3 ||     3
 Armour: Robe              |     9 |    28 |    59 |   168 ||   264
  Dodge: Dodged            |     4 |    27 |    46 |    97 ||   174
  Block: Other             |       |       |    15 |    33 ||    48
         Reflection        |       |       |       |     7 ||     7

Illustrated notes

Table legend:
 A = Kills in this place as a percentage of kills in the entire game.
 B = Kills by you in this place as a percentage of kills by you in the entire game.
 C = Kills by friends in this place as a percentage of kills by friends in the entire game.
 D = Other kills in this place as a percentage of other kills in the entire game.
 E = Experience gained in this place as a percentage of experience gained in the entire game.
 F = Experience gained in this place divided by the number of levels of this place that you have seen.
                   A       B       C       D       E      F
               +-------+-------+-------+-------+-------+----------------------
         Total | 100.0 | 100.0 |   N/A |   N/A | 100.0 | 1696.3
       Dungeon |  86.7 |  86.7 |   N/A |   N/A |  88.6 | 1639.6
        Bailey |  13.3 |  13.3 |   N/A |   N/A |  11.4 | 2320.0
               +-------+-------+-------+-------+-------+----------------------

Table legend: (Time is in decaauts)
 A = Elapsed time spent in this place.
 B = Non-inter-level travel time spent in this place.
 C = Inter-level travel time spent in this place.
 D = Time resting spent in this place.
 E = Time spent auto-exploring this place.
 F = Levels seen in this place.
 G = Mean time per level.
                   A        B        C        D        E       F      G
               +--------+--------+--------+--------+--------+-----+--------+
         Total |  12759 |  12425 |    334 |    915 |   9589 |  12 | 1063.2 |
       Dungeon |  11201 |  10867 |    334 |    671 |   8769 |  11 | 1018.3 |
        Bailey |   1558 |   1558 |      0 |    244 |    820 |   1 | 1558.0 |
               +--------+--------+--------+--------+--------+-----+--------+

Top non-repeatable levels by time:
  Bailey: 1558 daAuts
     D:8: 1525 daAuts
     D:6: 1239 daAuts
    D:10: 1192 daAuts
     D:9: 1175 daAuts
     D:4: 1095 daAuts
     D:3: 1010 daAuts
     D:2: 982 daAuts
     D:1: 979 daAuts
     D:5: 882 daAuts
     D:7: 800 daAuts
    D:11: 317 daAuts
